 Dungeon Crawl Stone Soup version 0.30.0-5-g1a98f26d00 (webtiles) character file.

Game seed: 12588372481090849203

83740 Chodeload the Unseen (level 15, -2/77 HPs)
             Began as a Spriggan Delver on May 7, 2023.
             Was the Champion of Dithmenos.
             Slain by a meliai
             ... wielding a +1 hand axe of electrocution
              (18 damage)
             ... on level 14 of the Dungeon on May 9, 2023.
             The game lasted 02:51:07 (23978 turns).

Chodeload the Unseen (Spriggan Delver)             Turns: 23978, Time: 02:51:07

Health: -2/77      AC:  5    Str:  8    XL:     15   Next: 33%
Magic:  15/29      EV: 26    Int: 20    God:    Dithmenos [******]
Gold:   2809       SH:  8    Dex: 19    Spells: 8/32 levels left

rFire   + . .        a - +2 dagger (venom)
rCold   . . .        S - +2 buckler
rNeg    . . .        z - +2 robe {Archmagi}
rPois   +            p - +1 hat {Will+}
rElec   .            y - scarf {shadows}
rCorr   .            (gloves unavailable)
SInv    +            (boots unavailable)
Will    +++++        u - amulet of faith Stlth ***+++++++
                     o - ring "Xuoduj" {rPois rF+ Will++ Int+3}
HPRegen 0.32/turn    J - ring of flight
MPRegen 0.21/turn

%: faith, archmagi
@: radiating poison, flying, wreathed by umbra, very quick
A: very small, no large weapons, unfitting armour, see invisible, speed 3
a: Renounce Religion, Shadow Step, Shadow Form


You were on level 14 of the Dungeon.
You worshipped Dithmenos.
Dithmenos was exalted by your worship.
You visited 4 branches of the dungeon, and saw 22 of its levels.
You also visited: Ice Cave and Volcano.

You collected 3025 gold pieces.
You spent 216 gold pieces at shops.

Inventory:

Hand Weapons
 a - a +2 dagger of venom (weapon)
 b - the +8 sling of Purpose {freeze, rC++}
   (You found it on level 3 of the Lair of Beasts)

   rC:        It greatly protects you from cold.
 s - a +0 antimagic dagger
Missiles
 c - a throwing net
 O - 18 boomerangs (quivered)
Armour
 p - a +1 hat of willpower (worn)
 y - a scarf of shadows (worn)
 z - a +2 robe of the Archmagi (worn)
 S - a +2 buckler (worn)
Jewellery
 l - an amulet of magic regeneration
 o - the ring "Xuoduj" (left hand) {rPois rF+ Will++ Int+3}
   (You acquired it in an ice cave)

   [ring of protection from fire]

   Int:       It affects your intelligence (+3).
   rF:        It protects you from fire.
   rPois:     It protects you from poison.
   Will:      It greatly increases your willpower.
 u - an amulet of faith (around neck)
 x - a ring of ice
 J - a ring of flight (right hand)
 R - an amulet of regeneration
 X - a +4 ring of slaying
Wands
 g - a wand of digging (11)
 k - a wand of quicksilver (14)
 N - a wand of polymorph (10)
 Q - a wand of paralysis (21)
 U - a wand of roots (7)
 V - a wand of mindburst (12)
 Y - a wand of flame (13)
Scrolls
 e - 2 scrolls of torment
 h - 2 scrolls of silence
 i - 5 scrolls of immolation
 j - 11 scrolls of teleportation
 n - 3 scrolls of brand weapon
 q - 6 scrolls of vulnerability
 r - 4 scrolls of fear
 t - 7 scrolls of blinking
 v - 7 scrolls of poison
 F - 4 scrolls of amnesia
 G - 3 scrolls of fog
 H - 2 scrolls of enchant armour
 I - 2 scrolls of summoning
 K - 8 scrolls of enchant weapon
 M - 6 scrolls of magic mapping
 Z - a scroll of acquirement
Potions
 d - 2 potions of magic
 f - 9 potions of haste
 m - 2 potions of attraction
 w - 2 potions of invisibility
 A - 2 potions of might
 B - 10 potions of curing
 C - a potion of brilliance {unknown}
 D - 4 potions of ambrosia
 E - 2 potions of berserk rage
 L - 6 potions of heal wounds
 P - 5 potions of mutation
 W - 4 potions of resistance
Miscellaneous
 T - a lightning rod (4/4)


   Skills:
 - Level 8.0 Fighting
 - Level 10.0 Short Blades
 - Level 11.8 Dodging
 + Level 18.5 Stealth
 - Level 4.0 Shields
 - Level 9.0 Spellcasting
 - Level 10.0 Hexes
 + Level 7.4 Summonings
 - Level 7.0 Translocations
 - Level 3.0 Ice Magic
 - Level 7.0 Poison Magic
 - Level 7.1 Invocations
 - Level 10.0 Evocations


You had 8 spell levels left.
You knew the following spells:

 Your Spells              Type           Power      Damage    Failure   Level
a - Summon Guardian Gole  Hex/Summ       60%        N/A       1%          3
b - Confusing Touch       Hex            65%        N/A       1%          3
c - Ensorcelled Hibernat  Hex/Ice        100%       N/A       1%          2
d - Passage of Golubria   Tloc           53%        N/A       6%          4
e - Teleport Other        Tloc           53%        N/A       1%          3
f - Olgreb's Toxic Radia  Pois           54%        N/A       6%          4
g - Summon Mana Viper     Hex/Summ       60%        N/A       9%          5

Your spell library contained the following spells:

 Spells                   Type           Power      Damage    Failure   Level
 Summon Small Mammal      Summ           100%       N/A       1%          1
 Lesser Beckoning         Tloc           100%       N/A       1%          2
 Call Canine Familiar     Summ           55%        N/A       1%          3
 Gell's Gravitas          Tloc           53%        N/A       1%          3
 Sting                    Tmut/Pois      100%       1d8       2%          1
 Poisonous Vapours        Pois/Air       68%        N/A       4%          2
 Inner Flame              Hex/Fire       43%        N/A       4%          3
 Spider Form              Tmut/Pois      34%        N/A       9%          3
 Kiss of Death            Conj/Necr      52%        2d9       12%         1
 Anguish                  Hex/Necr       21%        N/A       14%         4
 Summon Ice Beast         Ice/Summ       44%        N/A       14%         4
 Passwall                 Tmut/Erth      10%        N/A       17%         2
 Sublimation of Blood     Necr           13%        N/A       17%         2
 Animate Armour           Summ/Erth      70%        N/A       26%         4
 Stone Arrow              Conj/Erth      26%        3d8       34%         3
 Swiftness                Air            13%        N/A       34%         3
 Silence                  Hex/Air        21%        N/A       38%         5
 Dispel Undead            Necr           13%        3d9       75%         4
 Flame Wave               Conj/Fire      13%        2d6       75%         4
 Petrify                  Tmut/Erth      13%        N/A       75%         4
 Sticky Flame             Conj/Fire      13%        2d4       75%         4
 Irradiate                Conj/Tmut      6%         3d13      97%         5
 Monstrous Menagerie      Summ           27%        N/A       99%         7
 Lehudib's Crystal Spear  Conj/Erth      6%         10d3      100%        8


Dungeon Overview and Level Annotations

Branches:
Dungeon (14/15)            Temple (1/1) D:5            Lair (5/5) D:8
  Swamp (0/4) Lair:3       Spider (0/4) Lair:2        Slime (0/5) Lair:4
    Orc (2/2) D:12            Elf (0/3) Orc:2        Vaults (0/5) D:14
  IceCv (visited)         Volcano (visited)

Altars:
Ashenzari
Cheibriados
Dithmenos
Elyvilon
Fedhas
Gozag
Hepliaklqana
Kikubaaqudgha
Makhleb
Nemelex Xobeh
Okawaru
Qazlal
Ru
Sif Muna
Trog
Uskayaw
Vehumet
Wu Jian
Xom
Yredelemnul
Zin
The Shining One
Jiyva

Shops:
D:12 (   Orc:2 (*[=

Annotations:
D:2 1 runed translucent door, exclusion: door, Crazy Yiuf
D:7 exclusion: 2 downstairs
D:10 2 transporters, 1 runed translucent door, exclusion: door, Seidenschwarz's ghost, novice DECj
D:12 3 runed translucent doors, exclusion: 3 doors, Yklotitu's ghost, journeyman CeHu
D:13 exclusion: 2 hell hounds, Azrael
Lair:2 2 transporters, exclusion: oklob plant, retardedninja's ghost, journeyman GnFE


Innate Abilities, Weirdness & Mutations

You are very small and have problems with some larger weapons.
You are too small for most types of armour.
You have supernaturally acute eyesight. (SInv)
You cover ground extremely quickly. (Speed+++)


Message History

The meliai closely misses you. x2
Found a glowing jade ring.
Casting: Ensorcelled Hibernation (safe; 1% risk of failure)
Confirm with . or Enter, or press ? or * to list all spells.
You feel a surge of power!
You begin to radiate toxic energy.
The meliai is poisoned. x3; You block the meliai's attack.
The meliai closely misses you. The meliai misses you.
The meliai completely misses you. x2; The meliai misses you.
The meliai calls upon its god to heal the meliai.
The meliai's wounds heal themselves!
The meliai misses you. x3
The meliai completely misses you.
Casting: Olgreb's Toxic Radiance (dangerous; 6% risk of failure)
Confirm with . or Enter, or press ? or * to list all spells.
You feel a surge of power!
A guardian golem appears, shielding your allies.
The meliai looks even sicker.
The meliai completely misses you. The meliai barely misses you.
You block the meliai's attack. The meliai barely misses you.
The meliai misses you. The meliai barely misses you.
The meliai hits you with a +1 hand axe of electrocution!
You are electrocuted!!
* * * LOW HITPOINT WARNING * * *
You block the meliai's attack.
The meliai calls upon its god to heal the meliai.
The meliai's wounds heal themselves!
The meliai calls upon its god to heal the meliai.
The meliai's wounds heal themselves!
Okay, then.
Press: ? - help, v - describe, . - travel
Here: a meliai, wielding a +1 hand axe of electrocution and wearing a +0 leather armour (heavily wounded, poisoned, ally target, umbra)
The floor.
As you read the scroll of fear, it crumbles to dust.
You assume a fearsome visage.
The meliai looks frightened! x3
Your attack snaps the meliai out of its fear. x3
The meliai closely misses you. You block the meliai's attack.
The meliai completely misses you. The meliai stings you!
* * * LOW HITPOINT WARNING * * *
The meliai completely misses you. The meliai misses you.
The meliai hits you with a +1 hand axe of electrocution!!
You die...

#####
###############....
.#..........##.'....
............#..#....
.....).....'.##..>.
#.......)..####....
#..........# #....
#.y........# #..†.
#y@........# #....
#.y.9......# #....
#..........# #####
#.=...... ####
###+##### #... #.##
#.# ###'## #....#


You could see 3 meliai and a friendly guardian golem (summoned).

Vanquished Creatures
  Saint Roka (Orc:2)
  Rupert (D:12)
  Erica (D:8)
  2 centaur warriors
  A vault guard (D:14)
  A catoblepas (Lair:5)
  A hydra (Lair:3)
  6 two-headed ogres
  A boulder beetle (D:14)
  An ogre mage (Volcano)
  An orc high priest (Orc:2)
  A hell knight (Volcano)
  A skyshark (Lair:4)
  Lodul (D:10)
  A deep elf pyromancer (D:9)
  A lindwurm (Lair:5)
  3 wolf spiders
  2 oklob plants
  7 orc sorcerers
  An orc knight (Orc:2)
  3 cyclopes
  An ugly thing (D:13)
  7 elephants
  A guardian serpent (Lair:5)
  Maurice (D:8)
  An ice statue (IceCv)
  8 black mambas
  Psyche (D:11)
  18 cane toads
  An efreet (D:14)
  An unseen horror (D:11)
  7 komodo dragons
  An unseen horror zombie (D:9)
  A freezing wraith (IceCv)
  A meliai (Lair:2)
  A queen bee (Lair:2)
  7 trolls
  5 polar bears
  2 hornets (Lair:5)
  14 blink frogs
  6 slime creatures
  3 wraiths
  13 yaks
  15 wyverns
  A vampire (D:11)
  3 fire bats
  11 basilisks
  A steam dragon (Lair:2)
  4 vampire mosquitoes
  Menkaure (D:4)
  2 death yak simulacra (IceCv)
  A warg (Orc:2)
  2 acid dragons
  25 water moccasins
  18 orc warriors
  An ice beast (D:6)
  A sky beast (D:8)
  A black bear (Lair:1)
  6 centaurs
  8 ogres
  15 wolves
  3 phantoms
  3 lemures (D:8)
  17 bullfrogs
  2 necrophages (D:9)
  3 scorpions
  A cane toad simulacrum (IceCv)
  3 two-headed ogre simulacra (IceCv)
  3 wights
  47 killer bees
  A howler monkey (D:7)
  5 electric eels
  2 centaur zombies (D:9)
  7 lava snakes (Volcano)
  A human zombie (D:9)
  7 hounds
  16 orc priests
  2 jellies (D:5)
  A sleepcap (D:7)
  5 iguanas
  15 orc wizards
  A spriggan simulacrum (IceCv)
  3 troll simulacra (IceCv)
  3 wolf simulacra (IceCv)
  A howler monkey zombie (D:9)
  3 mummies (D:9)
  4 gnolls (D:9)
  8 adders
  3 naga simulacra (IceCv)
  8 white imps
  8 ufetubi
  2 worms (D:2)
  2 dart slugs
  43 orcs
  6 ball pythons
  7 bats
  7 endoplasms
  3 giant cockroaches
  6 goblins
  6 hobgoblins
  9 jackals
  8 kobolds
  3 quokkas
  A frilled lizard (D:1)
  6 rats
550 creatures vanquished.

Vanquished Creatures (collateral kills)
  An orc knight (Orc:2)
  A molten gargoyle (Volcano)
  A nameless horror (Volcano)
  An orc (Orc:2)
4 creatures vanquished.

Vanquished Creatures (others)
  A reaper (IceCv)
  Josephine (Lair:5)
  2 hydras (Lair:5)
  A two-headed ogre (Volcano)
  3 skeletal warriors (D:12)
  An orc knight (Orc:2)
  Pikel (D:8)
  A bog body (Lair:3)
  An orc sorcerer (Orc:2)
  2 elephants
  A gargoyle (Volcano)
  A cane toad (Lair:5)
  A komodo dragon (Lair:5)
  2 rime drakes
  3 trolls
  An ice devil (IceCv)
  8 blink frogs
  3 wraiths (Lair:5)
  2 wyverns (Lair:5)
  2 dire elephant simulacra (IceCv)
  A basilisk (Lair:3)
  26 yaks
  A vampire mosquito (D:12)
  2 wargs (Orc:2)
  A hydra simulacrum (IceCv)
  3 water moccasins
  4 orc warriors
  5 ogres (D:10)
  4 wolves
  2 gnoll sergeants (D:9)
  3 two-headed ogre simulacra (IceCv)
  A cane toad simulacrum (IceCv)
  13 wights
  An elephant simulacrum (IceCv)
  6 killer bees
  2 orc priests (D:8)
  2 spriggan simulacra (IceCv)
  2 polar bear simulacra (IceCv)
  4 troll simulacra (IceCv)
  4 gnolls (D:9)
  3 naga simulacra (IceCv)
  2 orcs
  A fire vortex (D:13)
131 creatures vanquished.

Grand Total: 685 creatures vanquished

Notes
Turn   | Place    | Note
-------+----------+-------------------------------------------
     0 | D:5      | Chodeload the Spriggan Delver began the quest for the Orb.
     0 | D:5      | Reached XP level 1. HP: 11/11 MP: 2/2
     6 | Temple   | Entered the Ecumenical Temple
    81 | Temple   | Became a worshipper of Dithmenos the Shadowed
   180 | D:5      | Noticed a jelly
   202 | D:5      | Noticed a jelly
   267 | D:5      | Noticed an iguana
   304 | D:5      | Noticed a wight
   316 | D:5      | Noticed a scorpion
   349 | D:5      | Noticed an ogre
   384 | D:5      | Noticed an iguana
   390 | D:5      | Noticed a phantom
   391 | D:5      | Noticed an ogre
   406 | D:5      | Noticed an ogre
   407 | D:5      | Noticed a hound
   483 | D:4      | Noticed a phantom
   528 | D:3      | Reached XP level 2. HP: 10/16 MP: 3/3
   926 | D:1      | Reached XP level 3. HP: 19/19 MP: 4/4
  1222 | D:1      | Reached * piety under Dithmenos
  1500 | D:2      | Found a faded altar of an unknown god.
  1608 | D:2      | Reached XP level 4. HP: 21/23 MP: 5/5
  1926 | D:2      | Found a runed translucent door.
  1927 | D:2      | Noticed Crazy Yiuf
  2000 | D:2      | Reached skill level 8 in Stealth
  2057 | D:2      | Reached ** piety under Dithmenos
  2721 | D:4      | Noticed Menkaure
  2728 | D:4      | Killed Menkaure
  2729 | D:4      | Reached XP level 5. HP: 28/28 MP: 6/6
  2842 | D:4      | Reached XP level 6. HP: 32/32 MP: 7/7
  3047 | D:5      | Reached skill level 5 in Dodging
  3080 | D:4      | Reached skill level 9 in Stealth
  3193 | D:4      | Reached skill level 1 in Invocations
  3288 | D:5      | Reached XP level 7. HP: 37/37 MP: 7/9
  3366 | D:5      | Reached *** piety under Dithmenos
  3435 | D:6      | Reached skill level 5 in Short Blades
  3476 | D:6      | Learned a level 3 spell: Summon Guardian Golem
  3544 | D:6      | Reached skill level 1 in Spellcasting
  3544 | D:6      | Reached skill level 1 in Hexes
  3544 | D:6      | Reached skill level 1 in Summonings
  3775 | D:6      | Found a sparkling altar of Nemelex Xobeh.
  3839 | D:6      | Reached XP level 8. HP: 42/42 MP: 12/12
  4336 | D:7      | Learned a level 3 spell: Confusing Touch
  4535 | D:8      | Reached skill level 5 in Hexes
  4556 | D:8      | Noticed Maggie
  4652 | D:7      | Reached skill level 1 in Evocations
  4684 | D:7      | Reached skill level 10 in Stealth
  4691 | D:7      | Found an ancient bone altar of Kikubaaqudgha.
  4691 | D:7      | Found a white marble altar of Elyvilon.
  4873 | D:7      | Reached XP level 9. HP: 35/46 MP: 15/15
  5000 | D:7      | Found an ornate altar of the Wu Jian Council.
  5219 | D:8      | Noticed Pikel
  5260 | D:8      | Noticed Maurice
  5261 | D:8      | Noticed a troll
  5275 | D:8      | Killed a troll
  5347 | D:7      | Reached **** piety under Dithmenos
  5864 | D:8      | Maggie changed into Maggie the fire bat
  5864 | D:8      | Noticed Maggie
  5887 | D:7      | Killed Maggie the fire bat
  5921 | D:8      | Noticed Erica
  6068 | D:8      | Upgraded the game from 0.30.0-3-ga4e48a9924 to
                  | 0.30.0-5-g1a98f26d00
  6160 | D:8      | Killed Maurice
  6161 | D:8      | Reached skill level 5 in Fighting
  6161 | D:8      | Reached skill level 11 in Stealth
  6294 | D:9      | Reached skill level 5 in Spellcasting
  6371 | D:9      | Found a glowing silver altar of Zin.
  6402 | D:9      | Noticed a troll
  6408 | D:9      | Killed a troll
  6556 | D:8      | Reached XP level 10. HP: 49/51 MP: 18/18
  6628 | D:8      | Learned a level 2 spell: Ensorcelled Hibernation
  6829 | D:8      | Killed Erica
  6830 | D:8      | Reached skill level 1 in Ice Magic
  7017 | D:8      | Learned a level 4 spell: Passage of Golubria
  7102 | D:8      | Killed Pikel
  7103 | D:8      | Reached skill level 1 in Translocations
  7163 | D:8      | Reached skill level 12 in Stealth
  7246 | D:8      | Learned a level 3 spell: Teleport Other
  7376 | D:9      | Noticed a deep elf pyromancer
  7378 | D:9      | Killed a deep elf pyromancer
  7585 | D:9      | Noticed a two-headed ogre
  7591 | D:9      | Killed a two-headed ogre
  7610 | D:9      | Reached skill level 5 in Evocations
  7643 | D:9      | Reached XP level 11. HP: 54/55 MP: 16/21
  7680 | D:9      | Found a basalt altar of Yredelemnul.
  7686 | D:9      | Reached ***** piety under Dithmenos
  8188 | D:10     | Entered Level 10 of the Dungeon
  8188 | D:10     | Noticed Seidenschwarz's ghost (novice DECj)
  8188 | D:10     | Found a transporter.
  8291 | D:8      | Found a staircase to the Lair.
  8740 | Lair:1   | Entered Level 1 of the Lair of Beasts
  8814 | D:10     | Reached skill level 5 in Translocations
  8903 | D:10     | Noticed Lodul
  8945 | D:10     | Noticed a deep elf pyromancer
  8946 | D:10     | Noticed a two-headed ogre
  8953 | D:10     | Noticed a boulder beetle
  8953 | D:10     | Noticed a death knight
  8955 | D:10     | Killed a two-headed ogre
  8956 | D:10     | Reached skill level 1 in Shields
  8961 | D:10     | Found a transporter.
  9103 | D:10     | Found a runed translucent door.
  9103 | D:10     | Noticed a sixfirhy
  9357 | D:11     | Noticed Psyche
  9359 | D:11     | Killed Psyche
  9360 | D:11     | Reached skill level 13 in Stealth
 10410 | D:12     | Reached skill level 5 in Invocations
 10549 | D:12     | Noticed Rupert
 10551 | D:12     | Killed Rupert
 10552 | D:12     | Reached XP level 12. HP: 56/60 MP: 17/22
 11335 | Lair:2   | Noticed retardedninja's ghost (journeyman GnFE)
 11335 | Lair:2   | Found a transporter.
 11342 | Lair:2   | Noticed a five-headed hydra
 11421 | Lair:1   | Reached skill level 10 in Dodging
 11707 | Lair:1   | Reached skill level 14 in Stealth
 12110 | Lair:2   | Identified the +0 trident "Dejean" {freeze, Str+2 Int+2}
 12226 | Lair:2   | Found a transporter.
 12336 | Lair:1   | Reached ****** piety under Dithmenos
 12425 | Lair:2   | Found a hole to the Spider Nest.
 12589 | Lair:2   | Learned a level 4 spell: Olgreb's Toxic Radiance
 12885 | Lair:3   | Found a staircase to the Swamp.
 12885 | Lair:3   | Noticed a four-headed hydra
 13155 | Lair:3   | Reached skill level 1 in Poison Magic
 13254 | Lair:3   | Killed a four-headed hydra
 13255 | Lair:3   | Reached skill level 10 in Short Blades
 13255 | Lair:3   | Reached skill level 15 in Stealth
 13255 | Lair:3   | Reached XP level 13. HP: 47/65 MP: 20/23
 13409 | Lair:4   | Found a frozen archway.
 13482 | Lair:4   | Found a staircase to the Slime Pits.
 13482 | Lair:4   | Found a viscous altar of Jiyva.
 13931 | Lair:4   | Reached skill level 5 in Poison Magic
 14121 | Lair:5   | Entered Level 5 of the Lair of Beasts
 14147 | IceCv    | Entered an ice cave
 14537 | IceCv    | Identified a scroll of acquirement
 14538 | IceCv    | Acquired the ring "Xuoduj" {rPois rF+ Will++ Int+3}
 15296 | IceCv    | Noticed a reaper
 15907 | IceCv    | Killed a reaper
 16417 | Lair:3   | Reached skill level 10 in Hexes
 16425 | Lair:3   | Identified the +8 sling of Purpose {freeze, rC++}
 17373 | Lair:5   | Reached skill level 10 in Evocations
 17567 | Lair:5   | Noticed Josephine
 17735 | Lair:5   | Reached XP level 14. HP: 62/70 MP: 17/27
 17781 | Lair:5   | Found a shimmering blue altar of Sif Muna.
 18062 | Lair:5   | Reached skill level 16 in Stealth
 18677 | Lair:5   | Killed Josephine
 20169 | D:10     | Killed Lodul
 20329 | D:12     | Found a staircase to the Orcish Mines.
 20379 | D:12     | Found Mismeo's Weapon Shop.
 20480 | D:12     | Reached skill level 5 in Summonings
 20652 | D:12     | Found a runed translucent gate.
 20652 | D:12     | Found a runed translucent gate.
 20652 | D:12     | Found a runed translucent gate.
 20653 | D:12     | Noticed an acid blob
 20653 | D:12     | Noticed an acid blob
 20654 | D:12     | Noticed a rockslime
 20655 | D:12     | Noticed an azure jelly
 20655 | D:12     | Noticed Yklotitu's ghost (journeyman CeHu)
 20655 | D:12     | Noticed an acid blob
 20659 | D:12     | Noticed an acid blob
 20659 | D:12     | Noticed an azure jelly
 20659 | D:12     | Noticed an acid blob
 20661 | D:12     | Noticed an acid blob
 20661 | D:12     | Noticed an azure jelly
 20737 | Orc:1    | Entered Level 1 of the Orcish Mines
 21188 | Orc:2    | Entered Level 2 of the Orcish Mines
 21620 | Orc:2    | Found a staircase to the Elven Halls.
 21679 | Orc:2    | Found a dark tunnel.
 21715 | Volcano  | Entered a volcano
 21918 | Volcano  | Found a bloodstained altar of Trog.
 21941 | Volcano  | Reached skill level 17 in Stealth
 22111 | Volcano  | Learned a level 5 spell: Summon Mana Viper
 22641 | Orc:2    | Reached XP level 15. HP: 77/77 MP: 16/29
 22644 | Orc:2    | Noticed Saint Roka
 23071 | Orc:2    | Killed Saint Roka
 23440 | Orc:2    | Found Siezeytt's General Store.
 23446 | Orc:2    | Reached skill level 18 in Stealth
 23451 | Orc:2    | Found Ciss's Antique Weapon Shoppe.
 23468 | Orc:2    | Found Yfribbus's Jewellery Shoppe.
 23485 | Orc:2    | Found Nyfees's Antique Armour Shoppe.
 23508 | Orc:2    | Bought a potion of might for 64 gold pieces
 23508 | Orc:2    | Bought a scroll of enchant weapon for 120 gold pieces
 23508 | Orc:2    | Bought a scroll of identify for 32 gold pieces
 23728 | D:13     | Noticed Azrael
 23927 | D:14     | Found a gate to the Vaults.
 23978 | D:14     | Slain by a meliai

Illustrated notes

Levels and vault maps discovered:
D:1:      dpeg_arrival_water_temple_mockup, layout_rooms
D:2:      minmay_evil_eye, layout_loops_cross,
          chequers_ecumenical_altar_simple_redux, uniq_crazy_yiuf_cottage
D:3:      layout_basic, minmay_misc_feat_encased
D:4:      layout_cave_pools, kennysheep_generic_room_11, uniq_menkaure
D:5:      layout_rooms, minmay_temple_entry_tees, minmay_misc_feat_hallway,
          mrwooster_statue_mirror
D:6:      layout_basic, nemelex_dance_club_becter
D:7:      layout_loops_ring, nicolae_wu_jian_immortal_techniques,
          gammafunk_temple_overflow_elements, amcnicky_mini_corridor_feature,
          minmay_microvault
D:8:      layout_rooms, erik_lair_island, uniq_erica, uniq_maurice, uniq_maggie,
          uniq_pikel
D:9:      layout_loops_ring, lemuel_mausoleum_altar_yredelemnul,
          mainiacjoe_overflow_paths, corexii_leaking_fountain
D:10:     cheibrodos_shockbox, layout_rooms, gammafunk_ghost_arena, uniq_lodul
D:11:     layout_layer_cave, uniq_psyche
D:12:     layout_roguey, serial_shops, shop, gammafunk_ghost_ooze, uniq_rupert
D:13:     hellmonk_paralyzer, layout_loops_ring, hangedman_incinerator,
          uniq_azrael
D:14:     layout_roguey, erik_vaults_2, hangedman_abyss_or_decor_lesser_grid,
          uniq_roxanne
Temple:   minmay_temple_bridge_d
Lair:1:   layout_gridlike, infiniplex_staircase_pool
Lair:2:   regret_index_harrowing_hell_hive, layout_chaotic_city,
          hellmonk_spider_entry_not_the_bees, gammafunk_ghost_arena,
          hangedman_lair_unloving_vines, nicolae_lair_run_with_the_wolves
Lair:3:   layout_long_grid, skrybe_swamp_entry_bodies, nicolae_lair_lil_pond,
          kennysheep_basilisk_garden
Lair:4:   layout_roguey, slime_entry_1, portal_ice_cave_entry_pillars_2,
          grunt_forest_small_clearing_treed, serial_bayou_shore_b
Lair:5:   hangedman_lair_tendril_chambers, layout_loops_ring, basic_altar,
          uniq_josephine
Orc:1:    layout_caves, basic_altar, mines1_david
Orc:2:    grunt_orc_cross, layout_diamond_mine, lightli_volcano_entry_magma_tube

Skill      XL: |  1  2  3  4  5  6  7  8  9 10 11 12 13 14 15 |
---------------+----------------------------------------------+-----
Dodging        | 3 4 5 6 8 9 10 11 | 11.8
Short Blades   | 3 4 5 6 7 8 10 | 10.0
Fighting       | 3 4 5 6 7 8 |  8.0
Stealth        | 8 9 10 11 12 13 15 17 18 | 18.5
Invocations    | 1 2 4 5 7 |  7.1
Spellcasting   | 2 3 5 6 8 9 |  9.0
Hexes          | 2 5 6 8 9 10 | 10.0
Summonings     | 1 3 6 7 |  7.4
Evocations     | 1 3 5 6 8 10 | 10.0
Ice Magic      | 2 3 |  3.0
Translocations | 3 6 7 |  7.0
Shields        | 2 4 |  4.0
Poison Magic   | 2 7 |  7.0

Action                     |  1- 3 |  4- 6 |  7- 9 | 10-12 | 13-15 || total
---------------------------+-------+-------+-------+-------+-------++-------
  Melee: Short sword       |    49 |       |       |       |       ||    49
         Dagger            |    53 |    80 |   162 |   393 |   744 ||  1432
         Punch             |       |       |     3 |     3 |       ||     6
   Fire: Shortbow          |       |       |    11 |    11 |       ||    22
         Sling             |       |       |       |       |     5 ||     5
  Throw: Stone             |       |     3 |     2 |       |       ||     5
         Boomerang         |       |       |       |     3 |     2 ||     5
   Cast: Confusing Touch   |       |       |     1 |       |       ||     1
         Summon Guardian G |       |       |    21 |    58 |   128 ||   207
         Ensorcelled Hiber |       |       |       |    82 |   136 ||   218
         Olgreb's Toxic Ra |       |       |       |       |    52 ||    52
         Summon Mana Viper |       |       |       |       |     5 ||     5
         Teleport Other    |       |       |       |       |     1 ||     1
 Invoke: Shadow Step       |       |       |       |     5 |    12 ||    17
  Evoke: Wand              |     2 |     6 |    22 |     2 |    18 ||    50
    Use: Scroll            |     2 |     5 |     1 |    11 |     9 ||    28
         Potion            |       |       |       |       |     2 ||     2
   Stab: Sleeping          |    15 |    19 |    16 |    68 |   136 ||   254
         Distracted        |       |     1 |     1 |     6 |    13 ||    21
         Paralysed         |       |       |       |     1 |     1 ||     2
         Invisible         |       |       |       |       |     2 ||     2
         Petrified         |       |       |       |       |     1 ||     1
 Armour: Robe              |     7 |     3 |    16 |    16 |     9 ||    51
  Dodge: Dodged            |    65 |    49 |   122 |   271 |   373 ||   880
  Block: Buckler           |       |       |       |    17 |   161 ||   178
